 Dungeon Crawl Stone Soup version 0.19.0-24-gb05acd6 (webtiles) character file.

259 Leibowitz the Sneak (level 5, -8/39 HPs)
             Began as a Demigod Enchanter on Nov 21, 2016.
             Mangled by a wyvern zombie (14 damage)
             ... on level 3 of the Dungeon.
             The game lasted 00:05:40 (2287 turns).

Leibowitz the Sneak (Demigod Enchanter)             Turns: 2287, Time: 00:05:40

Health: -8/39      AC:  3    Str: 11    XL:     5   Next: 62%
Magic:  11/11      EV: 13    Int: 21    God:
Gold:   38         SH:  0    Dex: 16    Spells: 2 memorised, 6 levels left

rFire  . . .     SeeInvis .     a - +1 dagger (speed)
rCold  . . .     Gourm    .     b - +1 robe
rNeg   . . .     Faith    .     (no shield)
rPois  .         Spirit   .     (no helmet)
rElec  .         Reflect  .     (no cloak)
rCorr  .         Harm     .     (no gloves)
MR     .....                    (no boots)
Stlth  +++.......               (no amulet)
                                (no ring)
                                (no ring)

@: no status effects
A: high mp 1
a: no special abilities


You were on level 3 of the Dungeon.
You were not hungry.

You visited 1 branch of the dungeon, and saw 3 of its levels.

You collected 38 gold pieces.

Inventory:

Hand Weapons
 a - a +1 dagger of speed (weapon)
Missiles
 r - 15 poisoned needles
Armour
 b - a +1 robe (worn)
Scrolls
 e - a scroll of immolation {unknown}
 h - a scroll of teleportation {unknown}
 i - 5 scrolls of identify {unknown}
 k - 2 scrolls of fog {unknown}
 p - a scroll of enchant armour {unknown}
Potions
 g - a potion of flight {unknown}
 m - a potion of might {unknown}
 n - a potion of mutation {unknown}
 o - a potion of resistance {unknown}
 q - a potion of curing {unknown}
Books
 c - a book of Maledictions

   Spells                             Type                      Level
   a - Corona                         Hexes                        1
   b - Ensorcelled Hibernation        Hexes/Ice                    2
   c - Confuse                        Hexes                        3
   d - Tukima's Dance                 Hexes                        3
   e - Dazzling Spray                 Conjuration/Hexes            3
Comestibles
 d - 6 bread rations
 j - a meat ration
 l - a slice of pizza


   Skills:
 + Level 0.8 Fighting
 + Level 1.5 Short Blades
 + Level 2.1 Dodging
 + Level 4.8 Stealth
 + Level 2.5 Spellcasting
 + Level 3.3 Hexes
 + Level 1.0 Ice Magic


You had 6 spell levels left.
You knew the following spells:

 Your Spells              Type           Power        Failure   Level  Hunger
a - Corona                Hex            ###....      3%          1    None
b - Ensorcelled Hibernat  Hex/Ice        ##....       12%         2    ##.....


Dungeon Overview and Level Annotations

Branches:
Dungeon (3/15)

Annotations:
D:3 Grinder


Innate Abilities, Weirdness & Mutations

You have an increased reservoir of magic. (+10% MP)


Message History

The wyvern zombie is lightly damaged.
The wyvern zombie bites you!
You hit the wyvern zombie.
The wyvern zombie is lightly damaged.
You hit the wyvern zombie but do no damage.
The wyvern zombie is lightly damaged.
The wyvern zombie bites you!
* * * LOW HITPOINT WARNING * * *
You barely miss the wyvern zombie.
The wyvern zombie is lightly damaged.
The wyvern zombie bites you.
* * * LOW HITPOINT WARNING * * *
You hit the wyvern zombie.
The wyvern zombie is moderately damaged.
The wyvern zombie barely misses you.
You barely miss the wyvern zombie.
The wyvern zombie is moderately damaged.
It was a potion of cancellation.
You feel magically purged. The wyvern zombie bites you!
You die...

##### ..)... ###
......# .. #......#
###.##......#
.$.........#
#$....[...#
##.@Z#.#.#.#
#...†....#.#
#..........#
#.#..#.#...#
.....(#.....####.#
###................
...#.####..######.
###.#.......#
#.######.##


You could see a wyvern zombie.

Vanquished Creatures
  Sigmund (D:2)
  4 adders (D:2)
  4 worms (D:2)
  A dart slug (D:2)
  2 leopard geckos
  3 giant cockroaches (D:1)
  7 goblins
  4 hobgoblins
  4 kobolds
  A quokka (D:3)
  3 bats (D:1)
  5 frilled lizards
  5 rats (D:1)
44 creatures vanquished.

Notes
Turn   | Place    | Note
-------+----------+-------------------------------------------
     0 | D:1      | Leibowitz the Demigod Enchanter began the quest for the Orb.
     0 | D:1      | Reached XP level 1. HP: 14/14 MP: 5/5
   209 | D:1      | Reached skill level 3 in Stealth
   217 | D:1      | Reached XP level 2. HP: 20/20 MP: 7/7
   221 | D:1      | Learned a level 2 spell: Ensorcelled Hibernation
   585 | D:1      | Reached skill level 1 in Short Blades
  1304 | D:2      | Noticed Sigmund
  1367 | D:2      | Reached XP level 3. HP: 24/26 MP: 5/8
  1601 | D:2      | Killed Sigmund
  1601 | D:2      | Reached skill level 4 in Stealth
  1601 | D:2      | Reached skill level 1 in Ice Magic
  1601 | D:2      | Reached XP level 4. HP: 11/34 MP: 3/10
  1601 | D:2      | Reached XP level 5. HP: 12/39 MP: 3/11
  2236 | D:3      | Noticed Grinder
  2287 | D:3      | Mangled by a wyvern zombie

Skill      XL: |  1  2  3 |
---------------+----------+-----
Hexes          | 3 |  3.3
Stealth        | 3 4 |  4.8
Short Blades   | 1 |  1.5
Spellcasting   | 2 |  2.5
Dodging        | 2 |  2.1
Ice Magic      | 1 |  1.0
Fighting       | |  0.8

Action                   |  1- 3 |  4- 6 || total
-------------------------+-------+-------++-------
Melee: Dagger            |    84 |    41 ||   125
 Cast: Ensorcelled Hiber |    12 |     3 ||    15
  Use: Potion            |       |     1 ||     1
 Stab: Sleeping          |    20 |     7 ||    27
  Eat: Chunk             |     3 |     2 ||     5
Armor: Robe              |    17 |     1 ||    18
Dodge: Dodged            |    43 |    15 ||    58
